 Dungeon Crawl Stone Soup version 0.29.1-1-gd02db6906a (webtiles) character file.

Game seed: 12009061461636419985

68 Icepheonix32 the Caller (level 4, -9/45 HPs)
             Began as a Merfolk Summoner on Oct 10, 2022.
             Mangled by Menkaure (23 damage)
             ... on level 4 of the Dungeon.
             The game lasted 00:04:39 (3117 turns).

Icepheonix32 the Caller (Merfolk Summoner)          Turns: 3117, Time: 00:04:39

Health: -9/45      AC:  2    Str:  6    XL:     4   Next: 19%
Magic:  0/7        EV: 12    Int: 16    God:
Gold:   129        SH:  0    Dex: 14    Spells: 1/7 levels left

rFire   . . .      SeeInvis .   c - +0 spear
rCold   . . .      Faith    .   (no shield)
rNeg    . . .      Spirit   .   a - +0 robe
rPois   .          Reflect  .   (helmet restricted)
rElec   .          Harm     .   (no cloak)
rCorr   +          Rampage  .   (no gloves)
Will    .....      Rage     3%  (no boots)
Stlth   ..........              (no amulet)
HPRegen 0.15/turn               k - ring of resist corrosion
MPRegen 0.10/turn               (no ring)

@: brilliant, berserking, very quick
A: (nimble swimmer 2), mertail, horns 1, berserk 1, weak 1
a: no special abilities


You were on level 4 of the Dungeon.
You visited 1 branch of the dungeon, and saw 4 of its levels.

You collected 129 gold pieces.

Inventory:

Hand Weapons
 c - a +0 spear (weapon)
 g - a +0 bardiche
Missiles
 f - 3 javelins
Armour
 a - a +0 robe (worn)
Magical Staves
 e - a staff of conjuration
Jewellery
 k - a ring of resist corrosion (left hand)
Wands
 m - a wand of polymorph (9)
Potions
 b - a potion of magic
 h - a potion of ambrosia
 j - a potion of resistance
 l - a potion of attraction


   Skills:
 + Level 1.4 Polearms
 - Level 2.6 Dodging
 - Level 2.1 Stealth
 - Level 2.0 Spellcasting
 * Level 5.4 Summonings


You had one spell level left.
You knew the following spells:

 Your Spells              Type           Power      Damage    Failure   Level
a - Summon Small Mammal   Summ           100%       N/A       2%          1
b - Call Imp              Summ           28%        N/A       3%          2
c - Call Canine Familiar  Summ           28%        N/A       7%          3

Your spell library contained the following spells:

 Spells                   Type           Power      Damage    Failure   Level
 Summon Guardian Golem    Hex/Summ       15%        N/A       21%         3
 Portal Projectile        Hex/Tloc       4%         N/A       52%         3
 Summon Lightning Spire   Summ/Air       15%        N/A       56%         4
 Leda's Liquefaction      Hex/Erth       1%         N/A       90%         4


Dungeon Overview and Level Annotations

Branches:
Dungeon (4/15)             Temple (0/1) D:4

Altars:
Qazlal

Annotations:
D:4 Menkaure


Innate Abilities, Weirdness & Mutations

((You are very nimble when in or above water. (Stealth+, EV+, Speed+++)))
Your lower body shifts to a powerful aquatic tail in water.
You have a pair of small horns on your head.
You sometimes lose your temper in combat.
You are weak. (Str -2)


Message History

It was a potion of brilliance.
You feel clever all of a sudden.
Menkaure points at you and mumbles some strange words.
You barely resist.
Your hound barely misses Menkaure.
Your crimson imp closely misses Menkaure.
Reach: c) +0 spear
Press: ? - help, Dir - move target, f - Menkaure
Aim: Menkaure (fast, ally target, about 25% to evade your +0 spear)
You reach to attack!
You hit Menkaure but do no damage.
A howler monkey comes into view.
Menkaure closely misses your crimson imp.
Your hound bites Menkaure.
A hobgoblin comes into view.
Your crimson imp hits Menkaure.
The howler monkey hoots and howls with incredible vigour!
The howler monkey moves out of view.
You hear a shout!
You hear an angry hiss. x2; You hear a shout! x3
You hit the howler monkey.
The howler monkey is severely wounded.
Your hound bites Menkaure.
Menkaure hits your crimson imp!!
Your crimson imp dies!
Your crimson imp disappears in a puff of smoke!
The howler monkey hits you.
Your hound bites Menkaure.
Unknown command.
Unknown command.
You hit Menkaure but do no damage.
Menkaure is severely damaged.
The howler monkey closely misses you. Menkaure hits you!!
Ouch! That really hurt!
* * * LOW HITPOINT WARNING * * *
Your magical contamination has completely faded away.
Unknown command.
A red film seems to cover your vision as you go berserk!
You feel yourself moving faster!
You feel mighty!
You barely miss Menkaure.
Menkaure is severely damaged.
Your hound bites Menkaure but does no damage.
The howler monkey hits you but does no damage.
Menkaure hits you!!
Ouch! That really hurt!
You die...

##### ...# # ... .. #.#
#####
#..#####.#####...####
......#.............#
.##..g#hM..#####...##.#
#..#.#..h@.# #...##.#
#....#?.#..# ######.#
[#...?# ..... ..# #.#
....h.....#####.# ##.## .
#....#..... #.# #...# #.
#....#..# #.# #...#
...#.#..#.###.#.# #...#
..#...##......#.#####'####
.........######.##.......#


You could see Menkaure (fast, ally target), 2 howler monkeys, a hobgoblin and a
friendly hound (summoned).

Vanquished Creatures
  2 endoplasms (D:3)
  A giant cockroach (D:4)
  7 goblins
  3 hobgoblins (D:1)
  2 quokkas
  3 ball pythons
  5 bats
  3 frilled lizards
  3 kobolds
  2 rats (D:2)
31 creatures vanquished.

Vanquished Creatures (collateral kills)
  2 worms (D:3)
  A dart slug (D:2)
  An orc (D:3)
  3 bats (D:1)
  2 endoplasms (D:3)
  5 goblins
  2 hobgoblins
  2 kobolds
  2 quokkas
  A ball python (D:3)
  2 rats
23 creatures vanquished.

Grand Total: 54 creatures vanquished

Notes
Turn   | Place    | Note
-------+----------+-------------------------------------------
     0 | D:1      | Icepheonix32 the Merfolk Summoner began the quest for the
                  | Orb.
     0 | D:1      | Reached XP level 1. HP: 13/13 MP: 3/3
   257 | D:1      | Reached XP level 2. HP: 19/19 MP: 3/5
   957 | D:1      | Learned a level 2 spell: Call Imp
  1228 | D:2      | Reached XP level 3. HP: 24/24 MP: 3/6
  1410 | D:2      | Found a stormy altar of Qazlal.
  1567 | D:2      | Reached skill level 5 in Summonings
  2252 | D:3      | Learned a level 3 spell: Call Canine Familiar
  2576 | D:3      | Reached skill level 1 in Polearms
  2650 | D:3      | Reached XP level 4. HP: 14/30 MP: 7/7
  2962 | D:3      | Gained mutation: You have a pair of small horns on your
                  | head. [potion of mutation]
  2962 | D:3      | Gained mutation: You sometimes lose your temper in combat.
                  | [potion of mutation]
  2962 | D:3      | Gained mutation: You are weak. (Str -2) [potion of
                  | mutation]
  3062 | D:4      | Found a staircase to the Ecumenical Temple.
  3064 | D:4      | Noticed Menkaure
  3117 | D:4      | Mangled by Menkaure

Illustrated notes

Levels and vault maps discovered:
D:1:      nicolae_arrival_memento_mori, layout_basic,
          nicolae_concentric_dashed_squares_mild
D:2:      layout_basic, basic_altar
D:3:      layout_basic
D:4:      layout_basic, lemuel_round_altar, lemuel_doored_altar,
          minmay_temple_entry_mini_moons, minmay_cupped, uniq_menkaure

Skill      XL: |  1  2  3 |
---------------+----------+-----
Summonings     | 5 |  5.4
Polearms       | 1 |  1.4
Dodging        | |  2.6
Stealth        | |  2.1
Spellcasting   | |  2.0

Action                   |  1- 3 |  4- 6 || total
-------------------------+-------+-------++-------
Melee: Spear             |   133 |    21 ||   154
       Punch             |     2 |       ||     2
 Cast: Summon Small Mamm |    26 |       ||    26
       Call Imp          |    13 |     2 ||    15
       Call Canine Famil |     1 |     1 ||     2
  Use: Scroll            |     2 |     1 ||     3
       Potion            |       |     7 ||     7
 Stab: Sleeping          |     5 |     2 ||     7
       Distracted        |     2 |       ||     2
Armor: Robe              |    25 |     4 ||    29
Dodge: Dodged            |    58 |     7 ||    65
